 Dungeon Crawl Stone Soup version 0.28-a0-1518-gbe868bca14 (webtiles) character file.

Game seed: 14654322902100555557

9 issech the Vexing (level 2, 0/21 HPs)
             Began as a Human Arcane Marksman on Jan 16, 2022.
             Slain by a goblin (2 damage)
             ... on level 1 of the Dungeon.
             The game lasted 00:04:20 (704 turns).

issech the Vexing (Human Arcane Marksman)            Turns: 704, Time: 00:04:20

Health: 0/21       AC:  2    Str: 10    XL:     2   Next: 25%
Magic:  3/3        EV: 12    Int: 13    God:
Gold:   7          SH:  0    Dex: 13    Spells: 2/3 levels left

rFire   . . .      SeeInvis .   f - +0 dagger (holy)
rCold   . . .      Faith    .   (no shield)
rNeg    . . .      Spirit   .   d - +0 robe
rPois   .          Reflect  .   (no helmet)
rElec   .          Harm     .   (no cloak)
rCorr   .          Rampage  .   (no gloves)
Will    .....                   (no boots)
Stlth   +.........              (no amulet)
HPRegen 0.07/turn               (no ring)
MPRegen 0.08/turn               (no ring)

@: no status effects
A: no striking features
a: no special abilities


You were on level 1 of the Dungeon.
You visited 1 branch of the dungeon, and saw 1 of its levels.

You collected 7 gold pieces.

Inventory:

Hand Weapons
 a - a +0 shortbow
 f - a +0 dagger of holy wrath (weapon)
 g - a +0 hunting sling
 i - a +0 dagger
 k - a +0 dagger
Missiles
 c - 16 arrows
 e - 17 stones (quivered)
Armour
 d - a +0 robe (worn)
Scrolls
 b - a scroll of teleportation {unknown}
 h - 3 scrolls of identify {unknown}
Potions
 j - a potion of curing {unknown}


   Skills:
 + Level 1.0 Fighting
 + Level 2.2 Bows
 + Level 2.0 Dodging
 + Level 1.0 Spellcasting
 + Level 3.3 Hexes


You had 2 spell levels left.
You knew the following spells:

 Your Spells              Type           Power      Damage    Failure   Level
a - Slow                  Hex            36%        N/A       7%          1

Your spell library contained the following spells:

 Spells                   Type           Power      Damage    Failure   Level
 Inner Flame              Hex/Fire       5%         N/A       38%         3
 Portal Projectile        Hex/Tloc       10%        N/A       38%         3
 Cause Fear               Hex            4%         N/A       56%         4


Dungeon Overview and Level Annotations

Branches:
Dungeon (1/15)

Altars:


Message History

The goblin hits you with a +0 dagger.
You hit the kobold but do no damage. The goblin hits you but does no damage.
You closely miss the kobold. The kobold barely misses you.
The goblin barely misses you.
You hit the kobold but do no damage. The kobold closely misses you.
The goblin closely misses you.
You hit the kobold.
You kill the kobold!
The goblin hits you with a +0 dagger.
You barely miss the goblin. The goblin hits you with a +0 dagger.
You closely miss the goblin. The goblin hits you with a +0 dagger.
* * * LOW HITPOINT WARNING * * *
You completely miss the goblin. The goblin hits you with a +0 dagger.
* * * LOW HITPOINT WARNING * * *
Items here: ! ( )) †.
Found a stone staircase leading down.
There are no items here.
Unknown command.
You closely miss the goblin. The goblin hits you with a +0 dagger.
* * * LOW HITPOINT WARNING * * *
You hit the goblin but do no damage. The goblin barely misses you.
You hit the goblin but do no damage. The goblin hits you with a +0 dagger.
* * * LOW HITPOINT WARNING * * *
You hit the goblin but do no damage. The goblin closely misses you.
You hit the goblin but do no damage. The goblin misses you.
You barely miss the goblin. The goblin closely misses you.
You barely miss the goblin. The goblin hits you with a +0 dagger.
* * * LOW HITPOINT WARNING * * *
You barely miss the goblin. The goblin misses you.
You hit the goblin.
The goblin is severely wounded.
The goblin hits you with a +0 dagger.
* * * LOW HITPOINT WARNING * * *
You barely miss the goblin.
The goblin is severely wounded.
The goblin hits you but does no damage.
You hit the goblin but do no damage.
The goblin is severely wounded.
The goblin hits you with a +0 dagger.
You die...

#.# #.#.# #.#.#
#.#.##############
........#........#
#.#.###.#.######.# # #.#.#
#.#.# #.# #. #.#.# #.#.# #.#
#.. #...###.#.# #@# ###..#
#....##.#.# #g# ##...#
#.........######.#######
#...##
#..####................#
#....##
#...###..#######.#####.#
#.##..# ..÷......#
#..####.####..##.. .........#
##.##.........###.
###>####.########.##......####
## # #.# #.............#.##.#
#


You could see a goblin.

Vanquished Creatures
  A ball python (D:1)
  An endoplasm (D:1)
  3 goblins (D:1)
  A hobgoblin (D:1)
  A frilled lizard (D:1)
  A kobold (D:1)
8 creatures vanquished.

Notes
Turn   | Place    | Note
-------+----------+-------------------------------------------
     0 | D:1      | issech the Human Arcane Marksman began the quest for the
                  | Orb.
     0 | D:1      | Reached XP level 1. HP: 15/15 MP: 2/2
   140 | D:1      | Reached XP level 2. HP: 5/21 MP: 3/3
   704 | D:1      | Slain by a goblin

Illustrated notes

Levels and vault maps discovered:
D:1:      dpeg_chamrin_arrival_tetris, layout_loops_ring,
          hellmonk_ecumenical_altar_blasted, minmay_crystal_water,
          nicolae_grassy_gnolls

Action                   || total
-------------------------++-------
Melee: Dagger            ||    34
       Punch             ||     2
 Fire: Shortbow          ||    26
Armor: Robe              ||     6
Dodge: Dodged            ||    43

Table legend: (Time is in decaauts)
 A = Elapsed time spent in this place.
 B = Non-inter-level travel time spent in this place.
 C = Inter-level travel time spent in this place.
 D = Time resting spent in this place.
 E = Time spent auto-exploring this place.
 F = Levels seen in this place.
 G = Mean time per level.
                   A        B        C        D        E       F      G
               +--------+--------+--------+--------+--------+-----+--------+
         Total |    707 |    707 |      0 |    401 |      3 |   1 |  707.0 |
       Dungeon |    707 |    707 |      0 |    401 |      3 |   1 |  707.0 |
               +--------+--------+--------+--------+--------+-----+--------+

Top non-repeatable levels by time:
     D:1: 707 daAuts
